Map: Ruines de Seras

Players

Marxo - Winner!

  • Race: Zerg Zerg

Worming

  • Race: Zerg Zerg
  • League: Platinum

VOD

Have the link to the VOD?

Description

Time

  • Played on: Nov. 11, 2015, 9:59 a.m.
  • Length: 18:00
Show
View Real Time Build Order
Export as new Build Order

Marxo Zerg - Winner!

Build Orders: Hatch First, Lurkers 

Get SALT Encoding   

  12  0:01  Drone  
  13  0:08  Drone  
  14  0:19  Overlord  
  14  0:37  Drone  
  14  0:38  Drone x2  
  17  1:03  Hatchery  
  16  1:05  Drone x2  
  16  1:10  Extractor  
  17  1:21  Spawning Pool  
  17  1:23  Drone x2  
  18  1:32  Drone  
  19  2:08  Zergling x4  
  20  2:14  Queen  
  20  2:15  Queen  
  25  2:16  Overlord  
  25  2:22  Drone x2  
  27  2:29  Drone  
  28  2:37  Metabolic Boost  
  28  2:44  Baneling Nest  
  27  2:46  Drone x2  
  27  2:47  Drone  
  30  2:59  Spine Crawler  
  30  3:00  Drone x2  
  30  3:01  Drone  
  32  3:08  Overlord  
  32  3:19  Drone x2  
  34  3:23  Overlord  
  34  3:28  Zergling x2  
  34  3:29  Zergling x12  
  41  3:39  Zergling x2  
  40  3:52  Zergling x6  
  43  4:04  Zergling x2  
  43  4:05  Zergling x2  
  42  4:13  Overlord  
  42  4:21  Hatchery  
  41  4:25  Zergling x2  
  41  4:26  Zergling x14  
  46  4:49  Zergling x2  
  46  4:50  Zergling x12  
  51  4:54  Baneling x3  
  40  5:37  Zergling x18  
  45  5:48  Zergling x2  
  45  5:54  Zergling x6  
  47  6:09  Drone  
  47  6:10  Drone x2  
  47  6:11  Queen  
  52  6:16  Baneling x3  
  50  6:38  Zergling x12  
  52  6:47  Drone x5  
  52  6:54  Lair  
  55  6:55  Roach Warren, Extractor  
  55  6:58  Extractor  
  55  6:59  Extractor  
  47  7:04  Drone x3  
  46  7:16  Spine Crawler  
  46  7:21  Zergling x6  
  45  7:36  Roach x8  
  61  7:38  Baneling x2  
  55  7:56  Roach  
  55  7:57  Roach x3  
  59  8:19  Glial Reconstitution  
  59  8:22  Drone x7, Hydralisk Den  
  61  8:39  Drone x3  
  61  8:40  Queen  
  66  8:43  Overlord  
  66  8:44  Overlord x6  
  66  8:53  Evolution Chamber  
  66  8:55  Evolution Chamber  
  64  8:57  Lurker Den  
  64  9:00  Zergling x2  
  64  9:01  Zergling x2  
  64  9:02  Zergling x4  
  68  9:03  Zergling x4  
  66  9:23  Baneling x3  
  66  9:30  Roach x2  
  66  9:31  Roach x6  
  81  9:39  Drone  
  81  9:43  Zerg Missile Weapons Level 1  
  82  9:46  Drone x3  
  80  10:13  Drone x5  
  85  10:14  Roach  
  85  10:15  Roach x7  
  101  10:24  Queen  
  101  10:26  Hydralisk x3  
  107  10:36  Extractor  
  107  10:38  Extractor  
  105  10:49  Drone  
  107  10:50  Drone x5  
  107  10:53  Lurker  
  112  11:02  Zerg Ground Armor Level 1  
  112  11:04  Lurker  
  112  11:09  Drone  
  112  11:10  Drone x2  
  107  11:26  Drone x2  
  107  11:27  Drone x4  
  113  11:42  Spore Crawler  
  113  11:43  Spore Crawler  
  111  11:48  Spore Crawler x2, Hydralisk x6  
  121  11:55  Lurker  
  121  11:58  Zerg Missile Weapons Level 2  
  122  12:15  Overlord x6  
  122  12:16  Overseer x2, Overlord  
  122  12:33  Roach x2  
  122  12:34  Roach x3  
  122  12:35  Lurker x2  
  134  12:39  Lurker  
  135  12:45  Roach  
  135  12:46  Roach x2  
  135  12:47  Roach  
  135  12:48  Roach  
  145  12:54  Overlord x2  
  136  13:14  Roach  
  136  13:15  Roach x7  
  152  13:20  Zerg Ground Armor Level 2  
  152  13:34  Hydralisk  
  152  13:35  Hydralisk x3  
  160  13:50  Hydralisk  
  160  13:51  Hydralisk x3  
  146  14:09  Spore Crawler x2  
  130  14:12  Spore Crawler x2  
  130  14:13  Spore Crawler x2  
  114  14:22  Drone x7  
  114  14:23  Spore Crawler  
  100  14:42  Hydralisk x3  
  102  14:55  Drone x3  
  102  14:56  Drone x2  
  107  15:10  Muscular Augments, Hydralisk  
  107  15:11  Hydralisk  
  109  15:23  Spore Crawler  
  109  15:27  Spore Crawler  
  109  15:28  Hydralisk x3  
  113  15:42  Hydralisk x4  
  119  15:50  Pneumatized Carapace  
  119  16:06  Hydralisk  
  119  16:07  Spore Crawler, Hydralisk x4  
  119  16:10  Spore Crawler  
  125  16:33  Hydralisk x6  
  125  16:36  Overlord x2  
  137  16:57  Roach x4  
  137  16:59  Overlord x3  
Show
View Real Time Build Order
Export as new Build Order

Worming Zerg 

Build Orders: Hatch First 

Get SALT Encoding   

  12  0:01  Drone  
  13  0:14  Overlord  
  13  0:20  Drone  
  14  0:33  Drone x2  
  16  0:38  Drone  
  17  0:48  Drone  
  18  0:58  Hatchery  
  18  1:03  Drone, Extractor  
  17  1:16  Spawning Pool  
  16  1:19  Drone  
  17  1:29  Drone  
  18  1:37  Drone  
  19  1:41  Overlord  
  19  2:03  Queen  
  19  2:04  Zergling x4  
  19  2:05  Metabolic Boost  
  23  2:10  Queen  
  25  2:19  Drone  
  26  2:26  Baneling Nest  
  26  2:29  Drone  
  26  2:32  Drone  
  26  2:33  Drone  
  28  2:44  Drone  
  28  2:50  Overlord  
  29  3:08  Overlord  
  29  3:18  Zergling x6  
  29  3:19  Zergling x4  
  33  3:20  Drone x6  
  39  3:36  Hatchery  
  38  3:49  Drone x6  
  44  3:56  Evolution Chamber  
  44  3:57  Evolution Chamber  
  42  4:06  Zergling x8  
  42  4:10  Overlord  
  42  4:25  Baneling x3  
  41  4:39  Zergling x6  
  44  4:50  Zergling x6  
  44  4:52  Drone x7  
  53  4:54  Zerg Melee Weapons Level 1, Zerg Ground Armor Level 1  
  52  5:04  Baneling x3  
  52  5:05  Zergling x6  
  54  5:10  Overlord  
  54  5:11  Zergling x2  
  54  5:13  Baneling x2  
  49  5:30  Baneling x2  
  49  5:32  Drone  
  49  5:33  Drone x11  
  57  5:37  Extractor x2  
  57  5:42  Zergling x4  
  43  5:58  Zergling x8  
  44  6:05  Queen x2  
  44  6:11  Zergling x10  
  52  6:22  Zergling x4  
  52  6:23  Zergling x2  
  52  6:25  Baneling x3  
  52  6:29  Zergling x2  
  50  6:35  Zergling x6  
  38  6:40  Zergling x4  
  37  6:50  Zergling x4  
  35  7:00  Zergling x4  
  36  7:07  Zergling x2  
  36  7:08  Zergling x2  
  37  7:20  Zergling x8  
  37  7:30  Zergling x4  
  37  7:31  Spine Crawler  
  37  7:49  Zergling x2  
  37  7:50  Zergling x8  
  41  7:51  Lair  
  38  8:09  Zergling x8  
  38  8:23  Drone x2  
  35  8:35  Hatchery  
  35  8:40  Drone x3  
  36  8:42  Drone  
  37  8:51  Zerg Melee Weapons Level 2, Zerg Ground Armor Level 2  
  37  9:00  Drone x6  
  42  9:31  Zergling x10  
  43  9:35  Baneling  
  43  9:36  Baneling x5  
  45  9:44  Drone  
  45  9:45  Drone x2  
  48  9:48  Zergling x4  
  48  9:49  Zergling x4  
  51  10:09  Zergling x2  
  51  10:10  Zergling x16  
  60  10:14  Drone x3  
  60  10:28  Extractor  
  60  10:31  Drone x5, Spire  
  60  10:34  Extractor  
  59  11:01  Zergling x4  
  59  11:02  Zergling x18  
  69  11:08  Queen  
  62  11:30  Zergling x14  
  62  11:31  Zergling x6  
  67  11:41  Overseer  
  67  11:43  Zerg Flyer Weapons Level 1  
  67  11:44  Mutalisk x3, Pneumatized Carapace  
  73  11:48  Overlord x2  
  73  11:54  Extractor  
  73  11:55  Drone  
  73  11:56  Overlord  
  73  12:07  Drone x3  
  73  12:08  Drone x3  
  79  12:09  Drone x2  
  81  12:23  Zerg Missile Weapons Level 1  
  81  12:30  Baneling x4  
  81  12:31  Mutalisk x4  
  81  12:32  Mutalisk  
  91  12:50  Hatchery  
  90  12:51  Mutalisk x2  
  90  12:52  Mutalisk  
  84  13:15  Mutalisk  
  84  13:16  Mutalisk x3  
  87  13:27  Overseer  
  86  13:35  Mutalisk x3  
  86  13:37  Zergling x4  
  86  13:38  Zergling x8  
  98  13:47  Zergling x4  
  82  14:13  Zergling x2  
  82  14:14  Queen, Zergling x10  
  82  14:15  Queen  
  87  14:19  Mutalisk x2  
  88  14:33  Extractor  
  88  14:34  Extractor  
  85  14:46  Hatchery  
  85  14:48  Zergling x12  
  90  15:03  Overlord x2  
  90  15:04  Overlord x2  
  90  15:15  Queen  
  86  15:22  Overlord x2  
  86  15:24  Drone  
  86  15:28  Drone  
  88  15:29  Drone  
  88  15:30  Drone x4  
  88  15:31  Drone x4  
  97  15:36  Infestation Pit  
  94  16:03  Drone x7  
  101  16:07  Zergling x2  
  101  16:08  Zergling x4  
  104  16:19  Hatchery  
  104  16:23  Overlord  
  89  16:32  Mutalisk  
  89  16:33  Mutalisk x3  
  97  16:44  Hive  
  96  16:50  Zergling x2  
  96  16:51  Zergling x16  
  97  17:10  Baneling  
  97  17:11  Baneling x6  
Tags
 
Composition
Lurkers
League
Platinum
Matchup
ZvZ
Race
Zerg
Replay Pack
replay pack
Add a new tag
Caveats
  • Supply blocks, unpowered buildings, or Contaminate may cause inaccurate times.
  • Supply counts are checked every 10 seconds.